 Dungeon Crawl Stone Soup version 0.25-a0-424-g80bd347ae0 (webtiles) character file.

Game seed: 6138269651404290117, levelgen mode: deterministic

254 kae the Changer (level 5, -4/55 HPs)
             Began as a Demonspawn Transmuter on Jan 23, 2020.
             Was a Believer of Uskayaw.
             Slain by a hippogriff (5 damage)
             ... on level 4 of the Dungeon.
             The game lasted 00:03:38 (4214 turns).

kae the Changer (Demonspawn Transmuter)             Turns: 4214, Time: 00:03:38

Health: -4/55      AC: 22    Str: 10    XL:     5   Next: 90%
Magic:  7/10       EV:  2    Int: 14    God:    Uskayaw [**....]
Gold:   206        SH:  0    Dex: 15    Spells: 5/11 levels left

rFire    + . .     SeeInvis .   i - +0 mace (vorpal)
rCold    x . .     Gourm    .   (no shield)
rNeg     + + +     Faith    +   (armour currently unavailable)
rPois    +         Spirit   .   (helmet currently unavailable)
rElec    .         Reflect  .   (cloak currently unavailable)
rCorr    .         Harm     .   (gloves currently unavailable)
MR       .....     NoTele   +   (boots currently unavailable)
Stlth    +.........             r - amulet of faith
HPRegen  0.18/turn              k - ring of fire
MPRegen  0.12/turn              (no ring)

@: tree-form, very slightly contaminated
A: rot immunity
a: Stomp, Line Pass, Renounce Religion


You were on level 4 of the Dungeon.
You worshipped Uskayaw.
Uskayaw was noncommittal.
You were very hungry.
You were a tree.
You visited 1 branch of the dungeon, and saw 4 of its levels.

You collected 206 gold pieces.

Inventory:

Hand Weapons
 e - a +0 short sword
 i - a +0 vorpal mace (weapon)
Missiles
 a - 98 arrows
Armour
 b - a +1 robe (melded)
 g - a scarf of spirit shield (melded)
Jewellery
 k - a ring of fire (left branch)
 r - an amulet of faith (around neck)
Scrolls
 j - a scroll of magic mapping
 l - a scroll of immolation
 p - a scroll of remove curse
Potions
 h - a potion of resistance
 m - a potion of might
 n - 2 potions of curing {unknown}
 q - 3 potions of flight {unknown}
 t - a potion of brilliance {unknown}
Comestibles
 d - 6 rations


   Skills:
 - Level 1.0 Fighting
 - Level 1.7 Dodging
 - Level 2.6 Unarmed Combat
 + Level 3.6 Spellcasting
 * Level 4.8 Transmutations


You had 5 spell levels left.
You knew the following spells:

 Your Spells              Type           Power        Failure   Level  Hunger
a - Beastly Appendage     Tmut           ###...       2%          1    None
b - Sticks to Snakes      Tmut           ###.....     4%          2    ##.....
c - Spider Form           Tmut/Pois      #.........   22%         3    ###....

Your spell library contained the following spells:

 Spells                   Type           Power        Failure   Level  Hunger
 Ice Form                 Ice/Tmut       #.......     58%         4    ####...
 Blade Hands              Tmut           ###.......   61%         5    ######.


Dungeon Overview and Level Annotations

Branches:
Dungeon (4/15)
 Temple: D:4-7

Altars:
Kikubaaqudgha
Uskayaw
Wu Jian
Yredelemnul
The Shining One

Shops:
D:4 (


Innate Abilities, Weirdness & Mutations

((You are partially covered in yellow scales. (AC +2)))
((Your flesh is cold resistant. (rC+)))
You are immune to rotting.


Message History

The hippogriff completely misses you.
The hippogriff bites you but does no damage.
The hippogriff pecks you.
* * * LOW HITPOINT WARNING * * *
The hippogriff claws you.
* * * LOW HITPOINT WARNING * * *
You hit the hippogriff but do no damage.
The hippogriff is almost dead.
The hippogriff bites you.
* * * LOW HITPOINT WARNING * * *
The hippogriff pecks you but does no damage.
The hippogriff claws you.
* * * LOW HITPOINT WARNING * * *
You barely miss the hippogriff.
The hippogriff is almost dead.
The hippogriff completely misses you. The hippogriff pecks you.
* * * LOW HITPOINT WARNING * * *
The hippogriff claws you but does no damage.
The hippogriff bites you.
You die...

..............##.#
.................#
#.##...........###
#.# .#########...#
###.# #...# #.####
#.#..## #.#♣..#
#.##H.# #.....#
########.#
#.......#.#
##<##.#####...#
#...........###
............#
............#


You could see a hippogriff.

Vanquished Creatures
  A bullfrog (D:4)
  Terence (D:3)
  A worker ant (D:4)
  A hound skeleton (D:2)
  5 adders
  An ooze (D:1)
  2 worms (D:2)
  3 dart slugs
  3 leopard geckos
  2 orcs (D:3)
  6 giant cockroaches
  5 goblins
  3 hobgoblins
  3 jackals (D:4)
  2 quokkas (D:2)
  7 bats
  2 frilled lizards
  4 kobolds
  11 rats
63 creatures vanquished.

Notes
Turn   | Place    | Note
-------+----------+-------------------------------------------
     0 | D:1      | kae the Demonspawn Transmuter began the quest for the Orb.
     0 | D:1      | Reached XP level 1. HP: 15/15 MP: 3/3
   133 | D:1      | Reached skill level 2 in Transmutations
   163 | D:1      | Gained mutation: You are partially covered in yellow
                  | scales. (AC +2) [demonic ancestry]
   163 | D:1      | Reached XP level 2. HP: 21/21 MP: 5/5
  1001 | D:2      | Gained mutation: Your flesh is cold resistant. (rC+)
                  | [demonic ancestry]
  1001 | D:2      | Reached XP level 3. HP: 24/26 MP: 3/6
  1102 | D:2      | Reached skill level 3 in Transmutations
  2301 | D:2      | Gained mutation: You are immune to rotting. [demonic
                  | ancestry]
  2301 | D:2      | Reached XP level 4. HP: 31/32 MP: 8/8
  2568 | D:3      | Learned a level 2 spell: Sticks to Snakes
  2572 | D:3      | Learned a level 3 spell: Spider Form
  2916 | D:3      | Found an ancient bone altar of Kikubaaqudgha.
  3080 | D:3      | Found a glowing golden altar of the Shining One.
  3195 | D:3      | Noticed a +0 hand axe
  3196 | D:3      | Noticed a +0 dagger
  3196 | D:3      | Noticed Terence
  3214 | D:3      | Killed Terence
  3214 | D:3      | Reached skill level 4 in Transmutations
  3214 | D:3      | Reached XP level 5. HP: 34/37 MP: 5/9
  3236 | D:3      | Found a hide-covered altar of Uskayaw.
  3257 | D:3      | Became a worshipper of Uskayaw the Reveler
  3309 | D:3      | Found a basalt altar of Yredelemnul.
  3602 | D:4      | Found Ydao's Antique Weapon Shoppe.
  3611 | D:4      | Reached * piety under Uskayaw
  3721 | D:4      | Reached ** piety under Uskayaw
  4045 | D:4      | Noticed an ogre
  4049 | D:4      | Noticed an ogre
  4099 | D:3      | Found an ornate altar of the Wu Jian Council.
  4187 | D:4      | Noticed a hippogriff
  4197 | D:4      | HP: 1/37 [hippogriff (1)]
  4213 | D:4      | HP: 1/55 [hippogriff (5)]
  4214 | D:4      | Slain by a hippogriff

Levels and vault maps discovered:
D:1:      wander_arrival_fairy_ring, layout_basic,
          chequers_serial_rivers_small_a, minmay_hexomino_p4
D:2:      layout_basic
D:3:      layout_loops_ring, nicolae_overflow_hidden_temple, marbit_many_paths,
          dancing_weapons_uskayaw, overflow_temple_1_default, first_ration,
          glass_columns_a, tso_altar, uniq_terence
D:4:      lemuel_castle_with_subvaults [lemuel_castle_interior_original],
          layout_basic, serial_shops, nicolae_shop_statue_plus, grunt_decor_cap,
          uniq_blork_the_orc

Skill      XL: |  1  2  3  4 |
---------------+-------------+-----
Transmutations | 2 3 4 |  4.8
Spellcasting   | 3 |  3.6
Fighting       | |  1.0
Dodging        | |  1.7
Unarmed Combat | |  2.6

Action                   |  1- 3 |  4- 6 || total
-------------------------+-------+-------++-------
Melee: Unarmed           |    22 |    23 ||    45
       Kick              |     7 |     4 ||    11
       Short sword       |    64 |       ||    64
       Punch             |     1 |       ||     1
       Mace              |    48 |    73 ||   121
       Headbutt          |     2 |     5 ||     7
 Cast: Beastly Appendage |    11 |     9 ||    20
       Spider Form       |       |     4 ||     4
  Use: Scroll            |       |    11 ||    11
       Potion            |       |     2 ||     2
 Stab: Sleeping          |     3 |     2 ||     5
  Eat: Chunk             |     4 |     6 ||    10
Armor: Robe              |    39 |    27 ||    66
       Skin              |       |    20 ||    20
Dodge: Dodged            |   107 |   100 ||   207

Table legend:
 A = Non-vault XP
 B = Vault XP
 C = Vault XP percentage of total XP
 D = Non-vault monster count
 E = Vault monster count
 F = Vault count percentage of total count
                 A         B        C        D         E       F
            +---------+---------+-------+---------+---------+-------
      Total |     317 |      46 |  12.7 |      59 |       4 |   6.3
            +---------+---------+-------+---------+---------+-------
        D:1 |      34 |       5 |  12.8 |      19 |       2 |   9.5
        D:2 |      74 |       0 |   0.0 |      20 |       0 |   0.0
        D:3 |      46 |      41 |  47.1 |      11 |       2 |  15.4
        D:4 |     163 |       0 |   0.0 |       9 |       0 |   0.0
            +---------+---------+-------+---------+---------+-------
